[Event "December 5 Late 2023"]
[Site "https://www.chess.com"]
[Date "2023.12.05"]
[Round "8"]
[White "Korchynskyi, Mykola"]
[Black "Marcziter, Dmitrii"]
[Result "1-0"]
[Board "85"]
[TimeControl "180+1"]
[WhiteFideId "34138005"]
[BlackFideId "13900765"]
[WhiteElo "2524"]
[BlackElo "2388"]
[WhiteTeam "UKR"]
[BlackTeam "GER"]
[WhiteClock "0:00:13"]
[BlackClock "0:00:06"]

1. d4 Nf6 2. c4 g6 3. Nc3 Bg7 4. Bf4 d6 5. e3 O-O 6. Nf3 Nbd7 7. Be2 c5 8. O-O a6 9. Qc2 Rb8 10. Rad1 Nh5 11. Bg3 Nxg3 12. hxg3 b6 13. b3 Nf6 14. dxc5 bxc5 15. Nd5 Nxd5 16. Rxd5 Bb7 17. Rd2 Qc7 18. Rfd1 a5 19. Ne1 a4 20. Bf3 axb3 21. axb3 Qb6 22. Rd3 Bc8 23. Qe2 Bf5 24. e4 Be6 25. Nc2 Qc7 26. Ne3 Rb6 27. Nd5 Bxd5 28. exd5 Rfb8 29. Qc2 Qb7 30. Rb1 Ra8 31. Bd1 Rba6 32. Qe2 Ra2 33. Qe4 Bf6 34. Rf3 Rd2 35. g4 Raa2 36. Qf4 g5 37. Qf5 Qb8 38. Rh3 Rxf2 39. Qxh7+ Kf8 40. Bf3 Qb4 41. Qf5 Qb7 42. Kh1 Qa8 43. Rg1 Ra1 44. Qh7 Rxg1+ 45. Kxg1 Bd4 46. Qh8+ Bxh8 47. Rxh8+ Kg7 48. Rxa8 Rb2 49. Rb8 Kf6 50. Rb7 e6 51. dxe6 fxe6 52. Kh2 Ke5 53. Kg3 d5 54. cxd5 exd5 55. Rd7 d4 56. Rd5+ Ke6 57. Rxc5 Rxb3 58. Rxg5 Kf6 59. Rd5 d3 60. Kf4 Ke6 61. Be4 d2 62. Rxd2 Rb4 63. g5 Ra4 64. g6 Kf6 65. Rd6+ Kg7 66. Rb6 Ra7 67. Rb7+ Rxb7 68. Bxb7 Kxg6 69. Be4+ Kf6 70. g4 Kg7 71. g5 Kf7 72. Kf5 Kg7 73. g6 Kg8 74. Kf6 Kf8 75. g7+ Kg8 76. Bd5+ 1-0

[Event "December 5 Late 2023"]
[Site "https://www.chess.com"]
[Date "2023.12.05"]
[Round "8"]
[White "Ferreira, Vitor Hugo Vieira"]
[Black "Mickiewicz, Piotr"]
[Result "1-0"]
[Board "86"]
[TimeControl "180+1"]
[WhiteFideId "2119765"]
[BlackFideId "1114891"]
[WhiteElo "2503"]
[BlackElo "2388"]
[WhiteTeam "BRA"]
[BlackTeam "POL"]
[WhiteClock "0:00:56"]
[BlackClock "0:00:09"]

1. d4 d5 2. c4 e6 3. Nf3 Nf6 4. Nc3 c6 5. e3 Nbd7 6. Be2 dxc4 7. a4 a5 8. Bxc4 Nb6 9. Be2 Nbd5 10. O-O Bd6 11. Qc2 O-O 12. e4 Nb4 13. Qb3 Bc7 14. Bg5 h6 15. Bh4 g5 16. Nxg5 hxg5 17. Bxg5 Bxh2+ 18. Kxh2 Ng4+ 19. Bxg4 Qxg5 20. Bh3 Kg7 21. f4 Qh6 22. Rf3 Rh8 23. Ne2 Kf6 24. Qc3 Bd7 25. d5+ Ke7 26. Qc5+ Ke8 27. dxe6 Bxe6 28. f5 Bd7 29. Rd1 Qf8 30. Qe5+ Kd8 31. f6 Qe8 32. Qd6 Kc8 33. e5 Nd5 34. Rxd5 cxd5 35. Rc3+ 1-0

[Event "December 5 Late 2023"]
[Site "https://www.chess.com"]
[Date "2023.12.05"]
[Round "8"]
[White "Al-Saffar, Araz Basim Mohammed S"]
[Black "Kovalevsky, Stanislav"]
[Result "0-1"]
[Board "87"]
[TimeControl "180+1"]
[WhiteFideId "4801040"]
[BlackFideId "13508598"]
[WhiteElo "2381"]
[BlackElo "2498"]
[WhiteTeam "IRQ"]
[BlackTeam "FID"]
[WhiteClock "0:01:31"]
[BlackClock "0:01:24"]

1. Nf3 d5 2. g3 Nf6 3. Bg2 c6 4. O-O Nbd7 5. c4 e6 6. b3 Be7 7. Bb2 O-O 8. d3 a5 9. a3 b5 10. Nbd2 bxc4 11. bxc4 Rb8 12. Ra2 Nc5 13. Qa1 Nb3 14. Nxb3 Rxb3 15. Nd4 Rb6 16. Bc3 Ra6 17. Rb2 e5 18. Nc2 d4 19. Bd2 Bg4 20. Re1 Nd7 21. h3 Bh5 22. e3 Nc5 23. Bf1 dxe3 24. Bxe3 Nxd3 25. Rd1 Bxd1 26. Qxd1 Nxb2 0-1

[Event "December 5 Late 2023"]
[Site "https://www.chess.com"]
[Date "2023.12.05"]
[Round "8"]
[White "Mazurkiewicz, Michal"]
[Black "Akhayan, Ruben"]
[Result "1-0"]
[Board "88"]
[TimeControl "180+1"]
[WhiteFideId "1124943"]
[BlackFideId "204439"]
[WhiteElo "2496"]
[BlackElo "2378"]
[WhiteTeam "POL"]
[BlackTeam "BEL"]
[WhiteClock "0:00:51"]
[BlackClock "0:00:14"]

1. e4 e5 2. Nf3 Nc6 3. Bb5 a6 4. Bxc6 dxc6 5. O-O f6 6. d4 exd4 7. Nxd4 c5 8. Nb3 Qxd1 9. Rxd1 Bg4 10. f3 Bd7 11. Nc3 O-O-O 12. Bf4 c4 13. Na5 b5 14. Nd5 Bc5+ 15. Kf1 c6 16. b4 cxb3 17. cxb3 g5 18. Bg3 cxd5 19. Rac1 Be6 20. Rxc5+ Kd7 21. exd5 Bf5 22. Rc7+ Ke8 23. Nb7 1-0

[Event "December 5 Late 2023"]
[Site "https://www.chess.com"]
[Date "2023.12.05"]
[Round "8"]
[White "Baches Garcia, Guillermo"]
[Black "Buenafe Moya, Javier"]
[Result "1-0"]
[Board "89"]
[TimeControl "180+1"]
[WhiteFideId "2209764"]
[BlackFideId "2206412"]
[WhiteElo "2494"]
[BlackElo "2369"]
[WhiteTeam "ESP"]
[BlackTeam "ESP"]
[WhiteClock "0:00:27"]
[BlackClock "0:00:28"]

1. d4 Nf6 2. Nf3 e6 3. Bg5 h6 4. Bh4 g5 5. Bg3 c5 6. e3 Nc6 7. c3 cxd4 8. exd4 d5 9. Nbd2 Bd6 10. Bd3 Nh5 11. Qe2 Nf4 12. Bxf4 Bxf4 13. g3 Bd6 14. h4 g4 15. Ne5 Bxe5 16. dxe5 h5 17. O-O d4 18. c4 Qa5 19. Rfe1 Bd7 20. a3 O-O-O 21. b4 Qc7 22. b5 Na5 23. Qe4 Kb8 24. Qf4 Bc8 25. Rac1 Rdf8 26. c5 f6 27. c6 fxe5 28. Qxe5 Qxe5 29. Rxe5 Rf7 30. Be4 Rhf8 31. Rf1 Kc7 32. Rxh5 bxc6 33. bxc6 Nxc6 34. Rc5 Bb7 35. Bxc6 Bxc6 36. Rfc1 Rxf2 37. Rxc6+ Kd7 38. Ne4 Ra2 39. Rc7+ Ke8 40. Rc8+ Kf7 41. Rf1+ Ke7 42. Rcxf8 1-0

[Event "December 5 Late 2023"]
[Site "https://www.chess.com"]
[Date "2023.12.05"]
[Round "8"]
[White "Gutierrez Olivares, Daniel"]
[Black "Gutkin, Ilya"]
[Result "1-0"]
[Board "90"]
[TimeControl "180+1"]
[WhiteFideId "2264005"]
[BlackFideId "16203470"]
[WhiteElo "2493"]
[BlackElo "2368"]
[WhiteTeam "ESP"]
[BlackTeam "GER"]
[WhiteClock "0:01:21"]
[BlackClock "0:01:24"]

1. c4 e5 2. Nc3 Nc6 3. Nf3 Nf6 4. e4 g6 5. d3 Bg7 6. Be2 O-O 7. h3 d6 8. Be3 Be6 9. Qd2 Nh5 10. Ng5 Nf4 11. Bxf4 exf4 12. Qxf4 Nd4 13. Bd1 Qe7 14. O-O Bh6 15. Qe3 c5 16. f4 Bxg5 17. fxg5 f6 18. gxf6 Rxf6 19. Rxf6 Qxf6 20. Qd2 Rf8 21. Bg4 Bxg4 22. hxg4 Qf4 23. Qxf4 Rxf4 24. Nd5 Rxg4 25. Nf6+ 1-0

[Event "December 5 Late 2023"]
[Site "https://www.chess.com"]
[Date "2023.12.05"]
[Round "8"]
[White "Kostiukov, Alexandr"]
[Black "Reprintsev, Alexander"]
[Result "1-0"]
[Board "91"]
[TimeControl "180+1"]
[WhiteFideId "14108100"]
[BlackFideId "14100541"]
[WhiteElo "2364"]
[BlackElo "2489"]
[WhiteTeam "UKR"]
[BlackTeam "UKR"]
[WhiteClock "0:00:42"]
[BlackClock "0:00:09"]

1. g3 d5 2. Bg2 Bf5 3. c4 e6 4. cxd5 exd5 5. Qb3 Nf6 6. Qxb7 Nbd7 7. Qb3 Rb8 8. Qd1 Bc5 9. Nf3 d4 10. d3 h6 11. O-O O-O 12. a3 a5 13. Nbd2 Re8 14. Nc4 Qe7 15. Re1 Bb6 16. Bd2 g5 17. Nxb6 cxb6 18. Nxd4 Bg6 19. Nc6 Qd6 20. Nxb8 Rxb8 21. Bc3 Nd5 22. Qb3 Nxc3 23. Qxc3 b5 24. Rac1 Re8 25. Qc6 Qe7 26. Qxb5 Rb8 27. Qxa5 Rxb2 28. Qa7 Bf5 29. Qa8+ Kh7 30. Be4 Bg6 31. Bxg6+ Kxg6 32. Rc7 Rb6 33. Rc6+ Kg7 34. Rxb6 Nxb6 35. Qe4 Qd6 36. a4 Nd7 37. Ra1 Nf6 38. Qc4 Qe5 39. Ra2 Qa5 40. Ra1 h5 41. d4 Ng4 42. Rf1 h4 43. Qc5 Qd2 44. e3 f6 45. Qe7+ Kh6 46. h3 Nxf2 47. Qxf6+ Kh7 48. Qxf2 1-0

[Event "December 5 Late 2023"]
[Site "https://www.chess.com"]
[Date "2023.12.05"]
[Round "8"]
[White "youngdinousaur"]
[Black "NovakRatko"]
[Result "0-1"]
[Board "92"]
[TimeControl "180+1"]
[WhiteElo "2332"]
[BlackElo "2466"]
[WhiteClock "0:01:25"]
[BlackClock "0:02:28"]

1. d4 d5 2. Nf3 c5 3. c3 cxd4 4. cxd4 Nc6 5. Bf4 f6 6. e3 Bg4 7. Nc3 e5 8. dxe5 fxe5 9. Bg3 e4 10. Nxd5 exf3 11. Nc7+ Qxc7 12. gxf3 Qa5+ 13. Qd2 Bb4 0-1

[Event "December 5 Late 2023"]
[Site "https://www.chess.com"]
[Date "2023.12.05"]
[Round "8"]
[White "Rios Escobar, Adan"]
[Black "Silvestre, Christian"]
[Result "0-1"]
[Board "93"]
[TimeControl "180+1"]
[WhiteFideId "3403645"]
[BlackFideId "30956269"]
[WhiteElo "2450"]
[BlackElo "2331"]
[WhiteTeam "CHI"]
[BlackTeam "USA"]
[WhiteClock "0:00:00"]
[BlackClock "0:01:03"]

1. Nf3 c5 2. c4 d6 3. Nc3 g6 4. g3 Bg7 5. Bg2 Nf6 6. O-O O-O 7. d4 cxd4 8. Nxd4 Nbd7 9. Nc2 a6 10. b3 Rb8 11. Bb2 b5 12. cxb5 axb5 13. Nb4 Bb7 14. Nc6 Bxc6 15. Bxc6 b4 16. Nd5 Nxd5 17. Bxg7 Kxg7 18. Bxd5 Qb6 19. Rc1 Rfc8 20. Qd2 e6 21. Bg2 d5 22. h4 Nf6 23. Bf3 h6 24. g4 Qd6 25. g5 hxg5 26. hxg5 Nd7 27. Qd4+ Qe5 28. Qg4 Rh8 29. Rfd1 Rh5 30. Bg2 Rxg5 31. Qh3 Rh8 32. Qf3 Qh2+ 33. Kf1 Ne5 0-1

[Event "December 5 Late 2023"]
[Site "https://www.chess.com"]
[Date "2023.12.05"]
[Round "8"]
[White "Mizzi, Jack"]
[Black "Kappeler, Kaspar"]
[Result "1-0"]
[Board "94"]
[TimeControl "180+1"]
[WhiteFideId "5602521"]
[BlackFideId "1309072"]
[WhiteElo "2448"]
[BlackElo "2328"]
[WhiteTeam "MLT"]
[BlackTeam "SUI"]
[WhiteClock "0:00:48"]
[BlackClock "0:00:00"]

1. d4 Nf6 2. c4 e6 3. g3 d5 4. Bg2 dxc4 5. Nf3 c5 6. O-O Nc6 7. Qa4 Bd7 8. Qxc4 b5 9. Qd3 Rc8 10. dxc5 Bxc5 11. a3 O-O 12. b4 Be7 13. Bb2 a5 14. Rd1 Nd5 15. e4 Nb6 16. bxa5 Nxa5 17. Ne5 Nac4 18. Bd4 Nxe5 19. Bxe5 Bc6 20. Qe2 Qe8 21. Nc3 f6 22. Bd4 Nc4 23. a4 e5 24. axb5 exd4 25. Qxc4+ Qf7 26. Rxd4 Be8 27. Qxf7+ Rxf7 28. Nd5 Bc5 29. Rd2 Bxb5 30. Rc2 Bd3 31. Rc3 Bb5 32. Rac1 Ra7 33. h4 1-0

[Event "December 5 Late 2023"]
[Site "https://www.chess.com"]
[Date "2023.12.05"]
[Round "8"]
[White "Skibbe, Willi"]
[Black "Bogaudinov, Rushan"]
[Result "0-1"]
[Board "95"]
[TimeControl "180+1"]
[WhiteFideId "4682190"]
[BlackFideId "4129288"]
[WhiteElo "2317"]
[BlackElo "2437"]
[WhiteTeam "GER"]
[BlackTeam "RUS"]
[WhiteClock "0:02:16"]
[BlackClock "0:02:29"]

1. e4 a6 2. a3 e6 3. b3 c5 4. Bb2 Nc6 5. Ne2 d5 6. g3 dxe4 7. Bg2 f5 8. Nbc3 Nf6 9. O-O Be7 10. Nf4 O-O 11. Qe2 Nd4 12. Qc4 b5 0-1

[Event "December 5 Late 2023"]
[Site "https://www.chess.com"]
[Date "2023.12.05"]
[Round "8"]
[White "Uryupin, Igor"]
[Black "Chlpik, Martin"]
[Result "1-0"]
[Board "96"]
[TimeControl "180+1"]
[WhiteFideId "4182529"]
[BlackFideId "14923351"]
[WhiteElo "2417"]
[BlackElo "2272"]
[WhiteTeam "RUS"]
[BlackTeam "SVK"]
[WhiteClock "0:00:58"]
[BlackClock "0:00:10"]

1. d4 Nf6 2. Nf3 c5 3. e3 d5 4. c3 e6 5. Bd3 Nc6 6. Nbd2 Be7 7. O-O O-O 8. a3 b6 9. dxc5 bxc5 10. b4 c4 11. Bb1 e5 12. e4 d4 13. Nxc4 dxc3 14. Ncxe5 Nxe5 15. Nxe5 Qc7 16. Nf3 Ba6 17. Re1 Rfd8 18. Qa4 Bc4 19. Bg5 Rac8 20. Bc2 a6 21. e5 Nd5 22. Bxe7 Qxe7 23. Qa5 Nf4 24. Rad1 Rd5 25. Rxd5 Bxd5 26. Qxa6 Ra8 27. Qd6 Qb7 28. Ng5 Bxg2 29. e6 fxe6 30. Bxh7+ Kh8 31. Qxf4 c2 32. Bxc2 1-0

[Event "December 5 Late 2023"]
[Site "https://www.chess.com"]
[Date "2023.12.05"]
[Round "8"]
[White "Skaric, Djuro"]
[Black "Teumer, Joerg, Dr."]
[Result "0-1"]
[Board "97"]
[TimeControl "180+1"]
[WhiteFideId "934569"]
[BlackFideId "4643526"]
[WhiteElo "2411"]
[BlackElo "2138"]
[WhiteTeam "SRB"]
[BlackTeam "GER"]
[WhiteClock "0:00:14"]
[BlackClock "0:00:09"]

1. g3 d5 2. Bg2 c6 3. d3 e5 4. Nf3 Bd6 5. O-O Nf6 6. Nc3 O-O 7. e4 Bg4 8. h3 Bh5 9. g4 Bg6 10. Nd2 Bc7 11. Nb3 dxe4 12. dxe4 Qxd1 13. Rxd1 Na6 14. a3 Rad8 15. Be3 Bb6 16. Bxb6 axb6 17. f3 Rfe8 18. h4 h5 19. g5 Nd7 20. Kf2 Ndc5 21. Nxc5 Nxc5 22. Ke3 Kf8 23. Bh3 Ke7 24. Rxd8 Rxd8 25. Rd1 Rxd1 26. Nxd1 Kd8 27. Nf2 f6 28. Nd3 Nxd3 29. cxd3 Bf7 30. f4 Kc7 31. f5 Bb3 32. d4 exd4+ 33. Kxd4 Kd6 34. e5+ fxe5+ 35. Ke3 Bd1 36. Bg2 b5 37. Be4 b6 38. Bg2 c5 39. Bf1 b4 40. axb4 cxb4 41. Bc4 Bc2 42. Be6 g6 43. fxg6 Kxe6 44. g7 Kf7 45. Kd2 b3 46. Kc3 Kxg7 47. Kc4 Kg6 48. Kd5 Kf5 49. Kc4 Bd1 50. Kd5 Bc2 51. g6 Kxg6 52. Kxe5 Bd1 53. Ke4 Bc2+ 54. Ke5 b5 55. Ke6 Bd3 56. Ke5 Bc4 57. Ke4 Kf6 58. Kf4 Bd5 59. Ke3 Kf5 60. Kd4 Bc4 61. Ke3 Kg4 0-1

[Event "December 5 Late 2023"]
[Site "https://www.chess.com"]
[Date "2023.12.05"]
[Round "8"]
[White "Donchenko, Anatoly"]
[Black "Vanek, Tomas"]
[Result "1-0"]
[Board "98"]
[TimeControl "180+1"]
[WhiteFideId "4106091"]
[BlackFideId "313459"]
[WhiteElo "2408"]
[BlackElo "2191"]
[WhiteTeam "GER"]
[BlackTeam "CZE"]
[WhiteClock "0:00:37"]
[BlackClock "0:00:00"]

1. Nf3 c6 2. c4 f5 3. g3 Nf6 4. Bg2 g6 5. O-O Bg7 6. Nc3 O-O 7. d4 d6 8. d5 Bd7 9. e4 fxe4 10. Ng5 cxd5 11. cxd5 Na6 12. Ngxe4 Rc8 13. Ng5 Nc5 14. Be3 e5 15. dxe6 Nxe6 16. Bxb7 Rb8 17. Bg2 Rxb2 18. Qxd6 Ne8 19. Qd5 Qe7 20. Rac1 Nc7 21. Qa5 Qb4 22. Qxb4 Rxb4 23. Nxe6 Bxe6 24. Bc5 Rc4 25. Bxf8 Bxc3 26. Bd6 Nb5 27. Bf4 Nd4 28. Rb1 Ne2+ 29. Kh1 Nxf4 30. gxf4 Bf5 31. Rb7 Rxf4 32. Rd1 Bf6 33. Kg1 Rg4 34. h3 Rxg2+ 35. Kxg2 Be4+ 36. f3 Bxb7 37. Rd7 Bc6 38. Rxa7 Be8 39. a4 Bd4 40. Ra8 Kf7 41. a5 Bc6 42. Rc8 Bd7 43. Rc7 Ke6 44. a6 Kd6 45. a7 Bxa7 46. Rxa7 h5 47. h4 Ke6 48. Ra6+ Kf7 49. Kg3 Bf5 50. Kf4 Kg7 51. Kg5 Kf7 52. Rf6+ Kg7 53. Rxf5 gxf5 54. Kxf5 Kh6 55. f4 Kh7 56. Kg5 Kg7 57. Kxh5 Kf6 58. Kg4 Kg6 59. h5+ Kf6 60. f5 Ke5 61. Kg5 1-0

[Event "December 5 Late 2023"]
[Site "https://www.chess.com"]
[Date "2023.12.05"]
[Round "8"]
[White "Mangialardo, Tiago Carvalho"]
[Black "Hoffmann, Asa"]
[Result "0-1"]
[Board "99"]
[TimeControl "180+1"]
[WhiteFideId "2130718"]
[BlackFideId "2001470"]
[WhiteElo "2119"]
[BlackElo "2407"]
[WhiteTeam "BRA"]
[BlackTeam "USA"]
[WhiteClock "0:00:00"]
[BlackClock "0:01:00"]

1. e4 d6 2. d4 Nf6 3. Nd2 c6 4. f4 g6 5. Ngf3 Bg7 6. e5 Nd5 7. Nb3 a5 8. a4 O-O 9. c3 Qb6 10. Bd3 Bg4 11. Nbd2 Nd7 12. Nc4 Qc7 13. O-O b5 14. Ne3 Nxe3 15. Bxe3 b4 16. Qe1 Bxf3 17. Rxf3 Rab8 18. Qh4 Nb6 19. Rh3 h5 20. f5 Nd5 21. fxg6 fxg6 22. Bxg6 Nxe3 23. Qxh5 Rf4 24. Rxe3 dxe5 25. dxe5 Qb6 26. Re1 Rd8 27. Kh1 Qxe3 28. Bh7+ Kf8 0-1

[Event "December 5 Late 2023"]
[Site "https://www.chess.com"]
[Date "2023.12.05"]
[Round "8"]
[White "JERO-8914"]
[Black "Monteiro, Luis Felipe Furtado"]
[Result "0-1"]
[Board "100"]
[TimeControl "180+1"]
[BlackFideId "22702806"]
[WhiteElo "2405"]
[BlackElo "2074"]
[BlackTeam "BRA"]
[WhiteClock "0:00:12"]
[BlackClock "0:00:23"]

1. e4 e5 2. Nf3 Nc6 3. Bb5 a6 4. Ba4 Nf6 5. d3 d6 6. O-O Bd7 7. c3 g6 8. Re1 Bg7 9. d4 O-O 10. Bg5 exd4 11. cxd4 h6 12. Bh4 Re8 13. Nc3 g5 14. Bg3 b5 15. Bc2 Bg4 16. e5 dxe5 17. dxe5 Qxd1 18. Bxd1 Nd7 19. Nd5 Rac8 20. Rc1 Ncxe5 21. Nxe5 Nxe5 22. Bxg4 Nxg4 23. Rxe8+ Rxe8 24. Nxc7 Rc8 25. h3 Ne5 26. Rc5 Nd7 27. Rc6 Be5 28. Bxe5 Nxe5 29. Rc5 Nd3 30. Rd5 Nf4 31. Rd7 Kf8 32. Nxa6 Rc2 33. Rd8+ Kg7 34. Nc7 Rxc7 35. Rb8 Rc1+ 36. Kh2 Rc5 37. b3 Nd3 38. Rd8 Nxf2 39. Kg3 Ne4+ 40. Kf3 Nc3 41. a4 bxa4 42. bxa4 Nxa4 43. Kg3 Nc3 44. Kh2 Ne4 45. Re8 f5 46. Re7+ Kf6 47. Re8 Rc6 48. Rh8 Kg7 49. Re8 Kf7 50. Rh8 f4 51. Rh7+ Kg6 52. Re7 Ng3 53. Re1 Rc2 54. h4 g4 55. Re6+ Kh5 56. Re5+ Kxh4 57. Re6 h5 58. Re5 f3 59. Rxh5+ Nxh5 60. Kg1 Rxg2+ 61. Kh1 Ng3# 0-1

[Event "December 5 Late 2023"]
[Site "https://www.chess.com"]
[Date "2023.12.05"]
[Round "8"]
[White "Miranda, Rafael"]
[Black "Dmitriev, Sergey"]
[Result "1-0"]
[Board "101"]
[TimeControl "180+1"]
[WhiteFideId "130990"]
[BlackFideId "14101785"]
[WhiteElo "2549"]
[BlackElo "2010"]
[WhiteTeam "ARG"]
[BlackTeam "UKR"]
[WhiteClock "0:00:32"]
[BlackClock "0:00:39"]

1. e3 d6 2. d4 g6 3. c4 Bg7 4. Nc3 Nf6 5. Nf3 O-O 6. Be2 Nc6 7. O-O Bg4 8. b3 Bxf3 9. Bxf3 e5 10. Bxc6 bxc6 11. dxe5 dxe5 12. Ba3 Re8 13. e4 Qd4 14. Qc2 Red8 15. Rad1 Qb6 16. Na4 Qa5 17. Bb2 Nh5 18. g3 Nf6 19. Bc3 Qa6 20. Bxe5 Re8 21. Qb2 Re6 22. Nc5 Qc8 23. Nxe6 Qxe6 24. Bxf6 Bxf6 25. Qc2 Re8 26. f3 Qh3 27. c5 h5 28. f4 h4 29. e5 Be7 30. Rf3 Qg4 31. Rdf1 h3 32. b4 Rd8 33. Rd3 Re8 34. Qd1 Qf5 35. Rd7 Qe4 36. Qd2 Qxb4 37. Qxb4 1-0

[Event "December 5 Late 2023"]
[Site "https://www.chess.com"]
[Date "2023.12.05"]
[Round "8"]
[White "Martins, Bruno Andre Leite"]
[Black "Kornyukov, Alexey"]
[Result "0-1"]
[Board "102"]
[TimeControl "180+1"]
[WhiteFideId "1942255"]
[BlackFideId "4150457"]
[WhiteElo "2506"]
[BlackElo "2326"]
[WhiteTeam "POR"]
[BlackTeam "RUS"]
[WhiteClock "0:00:00"]
[BlackClock "0:00:07"]

1. d4 Nf6 2. c4 e6 3. Nf3 d5 4. Nc3 a6 5. cxd5 exd5 6. Bg5 c6 7. e3 Be6 8. Bd3 Nbd7 9. O-O Bd6 10. Bh4 O-O 11. Ng5 Qe8 12. Qc2 h6 13. Nxe6 Qxe6 14. Rae1 Rae8 15. Bf5 Qe7 16. e4 g5 17. Bg3 Bxg3 18. fxg3 Nxe4 19. Nxe4 dxe4 20. Rxe4 Qd6 21. Bh7+ Kg7 22. Bf5 Nf6 23. Rxe8 Qxd4+ 24. Kh1 Rxe8 25. a3 Re3 26. Qf2 Qe5 27. b4 Re2 28. Qf3 Re1 29. Bd3 Rxf1+ 30. Bxf1 Nd5 31. h4 Ne3 32. Bd3 gxh4 33. gxh4 Qa1+ 34. Kh2 Qe5+ 35. g3 h5 36. a4 Ng4+ 37. Kg2 Qd4 38. b5 Ne3+ 39. Kf2 Nd5+ 40. Ke2 axb5 41. axb5 cxb5 0-1

[Event "December 5 Late 2023"]
[Site "https://www.chess.com"]
[Date "2023.12.05"]
[Round "8"]
[White "Krzywda, Andrzej"]
[Black "Mohammad, Fahim"]
[Result "1-0"]
[Board "103"]
[TimeControl "180+1"]
[WhiteFideId "1114565"]
[BlackFideId "10206248"]
[WhiteElo "2500"]
[BlackElo "2310"]
[WhiteTeam "POL"]
[BlackTeam "FRA"]
[WhiteClock "0:00:08"]
[BlackClock "0:00:04"]

1. e4 c5 2. Nf3 e6 3. d4 cxd4 4. Nxd4 Nf6 5. Bd3 Nc6 6. Nxc6 bxc6 7. O-O Qc7 8. Re1 Be7 9. c4 d6 10. Nc3 Bb7 11. Qe2 Nd7 12. Bf4 Bf6 13. Rac1 O-O 14. h3 Rad8 15. b3 Rfe8 16. Qe3 h6 17. Qxa7 Ne5 18. Bf1 Ng6 19. Bg3 Bg5 20. Rcd1 e5 21. Qa3 Kh7 22. Qb2 Nf4 23. Bxf4 Bxf4 24. Ne2 Bg5 25. Ng3 Bc8 26. b4 g6 27. a4 f5 28. exf5 gxf5 29. b5 cxb5 30. cxb5 Bf6 31. Qb1 e4 32. Rc1 Qg7 33. b6 Kh8 34. Rc7 Re7 35. Rec1 Rxc7 36. bxc7 Rg8 37. Ne2 Be5 38. Qb5 e3 39. fxe3 Qg5 40. Qb6 f4 41. exf4 Bxf4 42. Nxf4 Qxf4 43. Rd1 Bxh3 44. Qd4+ Qxd4+ 45. Rxd4 Bc8 46. Rxd6 Kg7 47. Rd8 Kf7 48. Bc4+ 1-0

[Event "December 5 Late 2023"]
[Site "https://www.chess.com"]
[Date "2023.12.05"]
[Round "8"]
[White "Korol, Dimitry"]
[Black "Kotyk, Michael"]
[Result "0-1"]
[Board "104"]
[TimeControl "180+1"]
[WhiteFideId "14108003"]
[BlackFideId "16214501"]
[WhiteElo "2296"]
[BlackElo "2488"]
[WhiteTeam "UKR"]
[BlackTeam "GER"]
[WhiteClock "0:00:00"]
[BlackClock "0:00:11"]

1. d4 f5 2. c4 Nf6 3. Nf3 g6 4. g3 Bg7 5. b3 O-O 6. Bb2 c6 7. Bg2 Ne4 8. O-O d5 9. Nbd2 Be6 10. Rc1 Nd7 11. Nxe4 fxe4 12. Ng5 Bf7 13. f3 exf3 14. exf3 dxc4 15. bxc4 e5 16. Nxf7 Rxf7 17. dxe5 Nxe5 18. Qb3 Qb6+ 19. Kh1 Rd8 20. f4 Nd3 21. Bxg7 Qxb3 22. axb3 Nxc1 23. Be5 Nxb3 24. Bh3 Nc5 25. Rb1 a5 26. Bc3 a4 27. Bb4 Nd3 28. Be6 b5 29. cxb5 cxb5 30. Bc3 b4 31. Bxb4 Rb8 32. Rd1 Nxb4 33. Rd7 Rf8 34. Rb7 Nd3 35. Kg2 Nc5 36. Bxf7+ Rxf7 37. Rb8+ Kg7 38. Ra8 Rb7 39. Ra5 Rb2+ 40. Kh3 Ne4 41. Rxa4 Nf2+ 42. Kh4 h5 43. Ra7+ Kh6 44. Ra6 Ng4 45. h3 Rh2 46. f5 Nf2 47. Rxg6+ Kh7 48. Kg5 Rxh3 49. Kf6 Ne4+ 50. Kf7 Rxg3 0-1

[Event "December 5 Late 2023"]
[Site "https://www.chess.com"]
[Date "2023.12.05"]
[Round "8"]
[White "Golubenko, Valentina"]
[Black "Dilmukhametov, Artur"]
[Result "1-0"]
[Board "105"]
[TimeControl "180+1"]
[WhiteFideId "4501993"]
[BlackFideId "24179922"]
[WhiteElo "2243"]
[BlackElo "2465"]
[WhiteTeam "CRO"]
[BlackTeam "RUS"]
[WhiteClock "0:00:17"]
[BlackClock "0:00:05"]

1. e4 c6 2. Nf3 d5 3. exd5 cxd5 4. d4 Nc6 5. Bd3 Bg4 6. c3 Nf6 7. O-O e6 8. Nbd2 Be7 9. h3 Bh5 10. Qc2 Rc8 11. Qb1 O-O 12. b4 a6 13. a4 Bd6 14. Ba3 Qe7 15. Re1 Nb8 16. Bb2 Nbd7 17. b5 a5 18. Ne5 Bg6 19. Bxg6 hxg6 20. c4 dxc4 21. Ndxc4 Bb4 22. Re2 Nd5 23. Nxd7 Qxd7 24. Ne5 Qd6 25. Qe4 Rc7 26. h4 Rfc8 27. h5 Nf6 28. Qf3 gxh5 29. Rd1 Qd5 30. Qf4 Rc2 31. Rxc2 Rxc2 32. Bc1 Bd6 33. Re1 Ng4 34. Qxf7+ Kh7 35. Qxh5+ Nh6 36. Qg6+ Kg8 37. Qe8+ Kh7 38. Qg6+ Kh8 39. Bxh6 gxh6 40. Nf7# 1-0

[Event "December 5 Late 2023"]
[Site "https://www.chess.com"]
[Date "2023.12.05"]
[Round "8"]
[White "Fernandez Hernandez, Gerardo"]
[Black "Arnold, Ken"]
[Result "0-1"]
[Board "106"]
[TimeControl "180+1"]
[WhiteFideId "2207400"]
[BlackFideId "2056836"]
[WhiteElo "2219"]
[BlackElo "2424"]
[WhiteTeam "ESP"]
[BlackTeam "USA"]
[WhiteClock "0:00:00"]
[BlackClock "0:00:42"]

1. e4 c6 2. d4 d5 3. exd5 cxd5 4. c4 Nf6 5. Nc3 Nc6 6. Bf4 e6 7. c5 Be7 8. Nf3 O-O 9. Bb5 Bd7 10. O-O b6 11. Bxc6 Bxc6 12. b4 bxc5 13. bxc5 Qa5 14. Qd2 Qa6 15. Ne5 Ne4 16. Qc2 f6 17. Nxc6 Qxc6 18. Nxe4 dxe4 19. Rae1 f5 20. f3 Bf6 21. Be5 Bxe5 22. dxe5 exf3 23. Rxf3 Rac8 24. Qb3 Qxc5+ 25. Kh1 Qc4 26. Qxc4 Rxc4 27. Ra3 Rfc8 28. Rxa7 Rc1 29. Rg1 R8c5 30. a4 h6 31. a5 Kh7 32. a6 Rxg1+ 33. Kxg1 Rxe5 34. Re7 f4 35. a7 Ra5 36. Kf2 Ra3 37. Rxe6 Rxa7 38. Re4 g5 39. Re6 Kg7 40. Kf3 Ra2 41. h4 Ra3+ 42. Kf2 Rg3 43. hxg5 hxg5 44. Ra6 Rb3 45. Rc6 Kf7 46. Ra6 Re3 47. Rc6 Re6 48. Rc7+ Kf6 49. Rc5 Kg6 50. Rb5 Kh5 51. Kf3 Re3+ 52. Kf2 Kg4 53. Rb6 Ra3 54. Rc6 Ra2+ 55. Kf1 Kh4 56. Rc3 g4 57. Kg1 Ra1+ 58. Kf2 g3+ 59. Kf3 Rf1+ 60. Ke4 Kg4 61. Rc8 Re1+ 62. Kd3 Rg1 63. Rg8+ Kf5 64. Rf8+ Ke5 65. Re8+ Kd5 66. Rf8 Rf1 67. Rf7 Rf2 68. Rf8 Ke5 69. Re8+ Kd6 70. Rf8 Ke7 71. Rf5 Ke6 72. Rf8 f3 73. Rxf3 Rxf3+ 74. gxf3 g2 0-1

[Event "December 5 Late 2023"]
[Site "https://www.chess.com"]
[Date "2023.12.05"]
[Round "8"]
[White "Zimmermann, Ulrich"]
[Black "Curtis, John"]
[Result "1/2-1/2"]
[Board "107"]
[TimeControl "180+1"]
[WhiteFideId "24654523"]
[BlackFideId "3200256"]
[WhiteElo "2419"]
[BlackElo "2220"]
[WhiteTeam "GER"]
[BlackTeam "AUS"]
[WhiteClock "0:00:23"]
[BlackClock "0:00:30"]

1. Nf3 d6 2. g3 e5 3. Bg2 e4 4. Nd4 f5 5. d3 d5 6. c4 Bb4+ 7. Bd2 Bxd2+ 8. Qxd2 Nf6 9. cxd5 Qxd5 10. dxe4 Nxe4 11. Nc3 Qe5 12. Nf3 Qxc3 13. bxc3 Nxd2 14. Nxd2 c6 15. Rb1 Nd7 16. Nc4 Nc5 17. O-O Ke7 18. Rfd1 Rd8 19. Rxd8 Kxd8 20. Rd1+ Kc7 21. Ne5 Be6 22. a3 Kb6 23. e3 Ka5 24. Rb1 Ka4 25. Bf1 Kxa3 26. Bc4 Bxc4 27. Nxc4+ Ka2 28. Rb2+ Ka1 29. Rb4 Rd8 30. Kf1 Rd1+ 31. Ke2 Rc1 32. Kd2 Rf1 33. Ke2 Rc1 34. Kd2 Rf1 35. Kc2 Rxf2+ 36. Nd2 b5 37. Rb1+ Ka2 38. Rb2+ Ka3 39. Rb1 Ka2 40. Rb2+ Ka3 41. Rb1 Ka2 1/2-1/2